 Dungeon Crawl Stone Soup version 0.28-a0-1555-g9ae15a6949 (webtiles) character file.

Game seed: 5663747173594188798

204 HallandMoats the Skirmisher (level 5, 0/47 HPs)
             Began as a Ghoul Fighter on Jan 18, 2022.
             Was an Initiate of Yredelemnul.
             Slain by Dowan (4 damage)
             ... on level 4 of the Dungeon.
             The game lasted 00:03:21 (2611 turns).

HallandMoats the Skirmisher (Ghoul Fighter)         Turns: 2611, Time: 00:03:22

Health: 0/47       AC:  8    Str: 20    XL:     5   Next: 82%
Magic:  4/4        EV:  9    Int:  5    God:    Yredelemnul [......]
Gold:   170        SH:  4    Dex:  8    Spells: 4/4 levels left

rFire   . . .      SeeInvis .   b - +2 dagger (venom)
rCold   + . .      Faith    .   c - +0 buckler
rNeg    + + +      Spirit   .   e - +0 scale mail
rPois   ∞          Reflect  .   (no helmet)
rElec   .          Harm     .   f - +0 cloak
rCorr   .          Rampage  .   (no gloves)
Will    .....                   (no boots)
Stlth   ..........              m - amulet of the acrobat
HPRegen 0.00/turn               (no ring)
MPRegen 0.09/turn               (no ring)

@: inhibited regen
A: claws 1, cold resistance 1, negative energy resistance 3, inhibited
regeneration, torment resistance 2
a: Renounce Religion, Recall Undead Harvest


You were on level 4 of the Dungeon.
You worshipped Yredelemnul.
Yredelemnul was noncommittal.
You visited 1 branch of the dungeon, and saw 4 of its levels.

You collected 170 gold pieces.

Inventory:

Hand Weapons
 a - a +0 long sword
 b - a +2 dagger of venom (weapon)
Armour
 c - a +0 buckler (worn)
 e - a +0 scale mail (worn)
 f - a +0 cloak (worn)
Jewellery
 m - an amulet of the acrobat (around neck)
Wands
 l - a wand of flame (18)
Scrolls
 h - a scroll of fear {unknown}
 j - a scroll of summoning {unknown}
 k - 2 scrolls of teleportation {unknown}
 o - a scroll of enchant weapon {unknown}
 q - a scroll of identify {unknown}
 r - a scroll of blinking {unknown}
Potions
 d - a potion of might
 g - 2 potions of degeneration {unknown}
 i - a potion of lignification {unknown}
 n - a potion of haste {unknown}
 p - a potion of attraction {unknown}


   Skills:
 * Level 4.5 Fighting
 * Level 3.1 Long Blades
 + Level 3.3 Armour
 + Level 1.4 Dodging
 + Level 3.3 Shields


You had 4 spell levels left.
You didn't know any spells.
Your spell library was empty.

Dungeon Overview and Level Annotations

Branches:
Dungeon (4/15)
 Temple: D:4-7

Altars:
Dithmenos
Yredelemnul

Shops:
D:2 (

Annotations:
D:3 2 transporters
D:4 Dowan


Innate Abilities, Weirdness & Mutations

You thrive by killing the living.
You are immune to poison.
You have sharp fingernails.
Your flesh is cold resistant. (rC+)
You are immune to negative energy. (rN+++)
You do not regenerate when monsters are visible.
You are immune to unholy pain and torment.


Message History

Anything else - Cancel.
Gang up on whom?
Press: ? - help, Dir - move target, f - Dowan
Aim: Dowan, wielding a +0 dagger and wearing a +0 robe (fast) Attack!
Dowan casts a spell.
Dowan blinks!
The goblin hits you but does no damage.
There is an open door here.
The goblin completely misses you.
You hit the goblin.
You kill the goblin!
A black mist starts to gather...
A hobgoblin comes into view.
The hobgoblin shouts!
You hear a shout!
Something hits your goblin zombie.
You see here a +0 dagger.
Your hobgoblin zombie closely misses Dowan.
Dowan closely misses your goblin zombie.
Your goblin zombie hits Dowan.
There is an open door here.
Dowan hits your goblin zombie with a +0 dagger.
Your goblin zombie is destroyed!
Your hobgoblin zombie closely misses Dowan.
Dowan hits your hobgoblin zombie with a +0 dagger.
Your hobgoblin zombie is destroyed!
Dowan shouts!
There is an open door here.
You close the door.
The hobgoblin hits you.
* * * LOW HITPOINT WARNING * * *
You barely miss the hobgoblin.
Dowan breaks down the door.
The hobgoblin hits you.
* * * LOW HITPOINT WARNING * * *
You hit the hobgoblin.
The hobgoblin is severely wounded.
The hobgoblin hits you but does no damage.
Dowan hits you with a +0 dagger.
You die...
Yredelemnul claims you as an undead slave.

####.... .####..
#......####+#.......
#......+....'.......
#......#....#.......
#......#....#.....##
####......#....#.....#
..........#)...#.....#
..........e)...#>.$..+
..........#@...#.....#
..........#g...#......
.......e..#....#
..........#...(#
############'###....#
.......#.....Z.#....#
.......'.......#....#
..##############.####
..#### #.#


You could see Dowan (fast) and a hobgoblin.

Vanquished Creatures
  Duvessa (D:4)
  2 adders
  A dart slug (D:2)
  5 orcs (D:4)
  7 ball pythons
  2 bats (D:1)
  8 endoplasms
  5 giant cockroaches
  9 goblins
  10 hobgoblins
  3 kobolds
  2 quokkas
  A frilled lizard (D:2)
  10 rats
66 creatures vanquished.

Vanquished Creatures (collateral kills)
  A ball python (D:3)
1 creature vanquished.

Vanquished Creatures (others)
  An elf zombie (D:4)
  A ball python zombie (D:4)
  A giant cockroach zombie (D:4)
  A goblin zombie (D:4)
  2 hobgoblin zombies (D:4)
  2 orc zombies (D:4)
8 creatures vanquished.

Grand Total: 75 creatures vanquished

Notes
Turn   | Place    | Note
-------+----------+-------------------------------------------
     0 | D:1      | HallandMoats the Ghoul Fighter began the quest for the Orb.
     0 | D:1      | Reached XP level 1. HP: 19/19 MP: 0/0
   184 | D:1      | Reached XP level 2. HP: 26/26 MP: 1/1
   281 | D:1      | Reached XP level 3. HP: 28/33 MP: 2/2
   912 | D:2      | Found Aqukuwn's Weapon Boutique.
   966 | D:2      | Found a shadowy altar of Dithmenos.
  1477 | D:3      | Found a faded altar of an unknown god.
  1486 | D:3      | Reached XP level 4. HP: 38/40 MP: 3/3
  1494 | D:3      | Prayed at the altar of an unknown god.
  1494 | D:3      | Became a worshipper of Yredelemnul the Dark
  1494 | D:3      | Reached * piety under Yredelemnul
  1517 | D:3      | Found a transporter.
  1587 | D:3      | Found a transporter.
  1710 | D:3      | Reached skill level 4 in Fighting
  1716 | D:3      | Reached skill level 1 in Dodging
  2233 | D:4      | HP: 2/40 [orc (4)]
  2575 | D:4      | Noticed Duvessa
  2575 | D:4      | Noticed Dowan
  2593 | D:4      | Killed Duvessa
  2594 | D:4      | Reached XP level 5. HP: 5/47 MP: 4/4
  2603 | D:4      | Your ally Duvessa died
  2611 | D:4      | Slain by Dowan

Illustrated notes

Levels and vault maps discovered:
D:1:      lemuel_arrival_cross, layout_rooms, chequers_mini_garden
D:2:      kennysheep_the_goblin_king, layout_basic, serial_shops,
          nicolae_shop_bloodbath_and_beyond, basic_altar
D:3:      gammafunk_wand_slinger, layout_basic,
          hellmonk_ecumenical_altar_pennies_from_heaven,
          minmay_misc_feat_enclosed
D:4:      layout_gridville, uniq_duvessa

Skill      XL: |  1  2  3  4 |
---------------+-------------+-----
Long Blades    | 2 3 |  3.1
Armour         | 3 |  3.3
Shields        | 3 |  3.3
Fighting       | 4 |  4.5
Dodging        | 1 |  1.4

Action                   |  1- 3 |  4- 6 || total
-------------------------+-------+-------++-------
Melee: Long sword        |    44 |       ||    44
       Dagger            |    81 |    76 ||   157
Armor: Scale mail        |    74 |    32 ||   106
Dodge: Dodged            |    66 |    43 ||   109
Block: Buckler           |    35 |    19 ||    54

Table legend: (Time is in decaauts)
 A = Elapsed time spent in this place.
 B = Non-inter-level travel time spent in this place.
 C = Inter-level travel time spent in this place.
 D = Time resting spent in this place.
 E = Time spent auto-exploring this place.
 F = Levels seen in this place.
 G = Mean time per level.
                   A        B        C        D        E       F      G
               +--------+--------+--------+--------+--------+-----+--------+
         Total |   2621 |   2478 |    143 |      0 |   2052 |   4 |  655.2 |
       Dungeon |   2621 |   2478 |    143 |      0 |   2052 |   4 |  655.2 |
               +--------+--------+--------+--------+--------+-----+--------+

Top non-repeatable levels by time:
     D:3: 858 daAuts
     D:2: 701 daAuts
     D:1: 627 daAuts
     D:4: 434 daAuts
